 Dungeon Crawl Stone Soup version 0.29-a0-1006-g0dd7720b37 (webtiles) character file.

Game seed: 13560139941164026625

3 experimilk the Covered (level 1, -1/14 HPs)
             Began as a Gargoyle Fighter on Aug 6, 2022.
             Slain by a kobold
             ... wielding a +2 vampiric short sword
              (2 damage)
             ... on level 1 of the Dungeon.
             The game lasted 00:01:01 (317 turns).

experimilk the Covered (Gargoyle Fighter)            Turns: 317, Time: 00:01:01

Health: -1/14      AC:  9    Str: 19    XL:     1   Next: 50%
Magic:  1/1        EV:  9    Int:  8    God:
Gold:   9          SH:  4    Dex:  9    Spells: 0/0 levels left

rFire   . . .      SeeInvis .   a - +0 flail
rCold   . . .      Faith    .   c - +0 buckler
rNeg    + . .      Spirit   .   b - +0 scale mail
rPois   ∞          Reflect  .   (no helmet)
rElec   +          Harm     .   (no cloak)
rCorr   .          Rampage  .   (no gloves)
Will    .....                   (no boots)
Stlth   ..........              (no amulet)
HPRegen 0.04/turn               (no ring)
MPRegen 0.07/turn               (no ring)

@: no status effects
A: sickness immunity, AC +2, negative energy resistance 1, electricity
resistance, torment resistance 1, petrification resistance
a: no special abilities


You were on level 1 of the Dungeon.
You visited 1 branch of the dungeon, and saw 1 of its levels.

You collected 9 gold pieces.

Inventory:

Hand Weapons
 a - a +0 flail (weapon)
Armour
 b - a +0 scale mail (worn)
 c - a +0 buckler (worn)
Potions
 d - a potion of might
 e - a potion of degeneration {unknown}


   Skills:
 + Level 3.3 Fighting
 * Level 2.1 Maces & Flails
 + Level 3.3 Armour
 + Level 3.3 Shields


You couldn't memorise any spells.
You didn't know any spells.
Your spell library was empty.

Dungeon Overview and Level Annotations

Branches:
Dungeon (1/15)

Altars:


Innate Abilities, Weirdness & Mutations

You are immune to sickness and miasma.
Your stone body is resilient. (AC +2)
You are immune to poison.
You resist negative energy. (rN+)
You are resistant to electric shocks. (rElec)
You are resistant to unholy torment.
You are immune to petrification.


Message History

You see here a rat corpse.
Things that are here:
a +0 club; a goblin corpse You start waiting.
Done waiting.
Found a stone staircase leading down.
A quokka comes into view.
The quokka barely misses you.
You closely miss the quokka. The quokka barely misses you. x2
You closely miss the quokka.
The quokka bites you but does no damage.
The quokka bites you.
You barely miss the quokka.
The quokka bites you but does no damage.
You hit the quokka.
The quokka is lightly wounded.
The quokka bites you.
The quokka bites you but does no damage.
You hit the quokka.
You kill the quokka!
You see here a quokka corpse.
You start resting.
HP restored.
A kobold comes into view.
It is wielding a +2 vampiric short sword.
The kobold shouts!
The kobold throws a stone.
The stone barely misses you.
You start waiting.
A kobold is nearby!
The kobold hits you but does no damage.
You barely miss the kobold. The kobold closely misses you.
You barely miss the kobold.
The kobold hits you with a +2 vampiric short sword.
You hit the kobold but do no damage.
The kobold hits you with a +2 vampiric short sword.
* * * LOW HITPOINT WARNING * * *
The kobold hits you with a +2 vampiric short sword.
* * * LOW HITPOINT WARNING * * *
You barely miss the kobold.
The kobold hits you with a +2 vampiric short sword.
You die...

#.#.# ## ####..# #.
#....## #$ #.##..# #
###.########## #.##.#.##
#.#............###.##.#...
..................##.#.).
#.........†....>#.##..
#...K@..##.####.#.##..
.......####.##.# .#.....
....... #.##.. .####..
....... #.####. .# #..
....... #.# .# .# #..
....... #.# # #.. .......
#.# ### .....K. #.# #.#


You could see a kobold.

Vanquished Creatures
  A goblin (D:1)
  A quokka (D:1)
  A rat (D:1)
3 creatures vanquished.

Notes
Turn   | Place    | Note
-------+----------+-------------------------------------------
     0 | D:1      | experimilk the Gargoyle Fighter began the quest for the
                  | Orb.
     0 | D:1      | Reached XP level 1. HP: 14/14 MP: 1/1
   317 | D:1      | Slain by a kobold

Illustrated notes

Levels and vault maps discovered:
D:1:      doesnt_arrival_eight_statues, layout_loops_ring, minmay_heptomino_o4

Action                   || total
-------------------------++-------
Melee: Flail             ||    11
Armor: Scale mail        ||     5
Dodge: Dodged            ||     5

Table legend: (Time is in decaauts)
 A = Elapsed time spent in this place.
 B = Non-inter-level travel time spent in this place.
 C = Inter-level travel time spent in this place.
 D = Time resting spent in this place.
 E = Time spent auto-exploring this place.
 F = Levels seen in this place.
 G = Mean time per level.
                   A        B        C        D        E       F      G
               +--------+--------+--------+--------+--------+-----+--------+
         Total |    320 |    320 |      0 |    224 |     31 |   1 |  320.0 |
       Dungeon |    320 |    320 |      0 |    224 |     31 |   1 |  320.0 |
               +--------+--------+--------+--------+--------+-----+--------+

Top non-repeatable levels by time:
     D:1: 320 daAuts
